 Dungeon Crawl Stone Soup version 0.26-a0-154-g3d63440f56 (webtiles) character file.

Game seed: 14938980869380855512

335 Flugslaktarn the Chiller (level 6, -2/37 HPs)
             Began as an Octopode Ice Elementalist on June 30, 2020.
             Was a Believer of Uskayaw.
             Slain by an ogre
             ... wielding a +0 giant spiked club
              (14 damage)
             ... on level 4 of the Dungeon.
             The game lasted 00:06:42 (1164 turns).

Flugslaktarn the Chiller (OpIE)                     Turns: 1164, Time: 00:06:42

Health: -2/37      AC:  1    Str:  7    XL:     6   Next: 53%
Magic:  0/21       EV: 13    Int: 19    God:    Uskayaw [**....]
Gold:   143        SH:  0    Dex: 13    Spells: 5/13 levels left

rFire    . . .     SeeInvis .   l - +0 dagger (venom)
rCold    . . .     Faith    .   (no shield)
rNeg     . . .     Spirit   +   (helmet restricted)
rPois    .         Reflect  .   a - amulet of guardian spirit
rElec    .         Harm     .   s - ring of magical power
rCorr    .                      (no ring)
MR       .....                  (no ring)
Stlth    +++.......             (no ring)
HPRegen  0.12/turn              (no ring)
MPRegen  0.17/turn              (no ring)
                                (no ring)
                                (no ring)

@: frozen ramparts
A: almost no armour, stealthy swim, amphibious, 8 rings, constrict 8, camouflage
1, gelatinous body 1
a: Stomp, Line Pass, Renounce Religion


You were on level 4 of the Dungeon.
You worshipped Uskayaw.
Uskayaw was noncommittal.
You were hungry.

You visited 1 branch of the dungeon, and saw 4 of its levels.

You collected 143 gold pieces.

Inventory:

Hand Weapons
 c - a +0 flail of pain
   (You took it off an orc on level 3 of the Dungeon)
 e - a +0 dagger
   (You took it off a kobold on level 1 of the Dungeon)
 k - a +0 long sword
   (You found it on level 3 of the Dungeon)
 l - a +0 dagger of venom (weapon)
   (You took it off an orc wizard on level 4 of the Dungeon)
 m - a +4 whip of draining
   (You took it off an orc on level 3 of the Dungeon)
Missiles
 q - a throwing net (quivered)
Jewellery
 a - an amulet of guardian spirit (around mantle)
   (You found it on level 2 of the Dungeon)
 s - a ring of magical power (left tentacle)
   (You took it off a kobold on level 3 of the Dungeon)
Scrolls
 d - 3 scrolls of identify {unknown}
 f - 2 scrolls of teleportation {unknown}
 h - a scroll of enchant weapon {unknown}
 i - a scroll of amnesia {unknown}
 p - a scroll of fear {unknown}
Potions
 g - 2 potions of heal wounds {unknown}
 j - a potion of stabbing {unknown}
 n - 2 potions of lignification {unknown}
 o - a potion of berserk rage {unknown}
Comestibles
 b - 6 rations
 r - a chunk of flesh


   Skills:
 + Level 0.5 Fighting
 + Level 2.1 Dodging
 - Level 2.6 Stealth
 - Level 4.3 Spellcasting
 + Level 0.5 Summonings
 * Level 6.0 Ice Magic


You had 5 spell levels left.
You knew the following spells:

 Your Spells              Type           Power        Failure   Level  Hunger
a - Freeze                Ice            ####         1%          1    None
b - Frozen Ramparts       Ice            ####..       3%          3    ###....
c - Summon Ice Beast      Ice/Summ       ###.....     34%         4    ####...

Your spell library contained the following spells:

 Spells                   Type           Power        Failure   Level  Hunger
 Ozocubu's Armour         Chrm/Ice       ###.....     12%         3    ###....
 Hailstorm                Conj/Ice       ###.....     36%         4    ####...


Dungeon Overview and Level Annotations

Branches:
Dungeon (4/15)
 Temple: D:4-7

Altars:
Sif Muna
Uskayaw

Annotations:
D:2 Robin
D:4 Protee's ghost, amateur GnSk


Innate Abilities, Weirdness & Mutations

You cannot wear most types of armour.
You are very stealthy in the water. (Stealth+)
You are amphibious.
You can wear up to eight rings at the same time.
You can use your tentacles to constrict eight enemies at once.
Your skin changes colour to match your surroundings (Stealth+).
Your rubbery body absorbs attacks. (AC +1, EV +1)


Message History

You hit Blork the orc but do no damage. You grab Blork the orc.
You constrict Blork the orc, but do no damage.
Blork the orc hits you with a +0 trident.
You hit Blork the orc.
Blork the orc is poisoned.
Blork the orc is lightly wounded.
You constrict Blork the orc. Blork the orc casts a spell at you.
The puff of frost misses you.
You hit Blork the orc but do no damage.
Blork the orc looks as sick as possible!
Blork the orc is moderately wounded.
You constrict Blork the orc.
Blork the orc hits you with a +0 trident!
You hit Blork the orc.
Blork the orc looks as sick as possible!
You squeeze Blork the orc, but do no damage.
Blork the orc is heavily wounded.
You constrict Blork the orc.
Blork the orc hits you with a +0 trident!
You hit Blork the orc.
Blork the orc looks as sick as possible!
You squeeze Blork the orc!
Blork the orc is almost dead.
You constrict Blork the orc.
You kill Blork the orc!
Your Ice Magic skill increases to level 6!
You can now pass through a line of other dancers.
Things that are here:
a +0 trident; a +0 robe; the orc corpse of Blork the orc
Found a shimmering blue altar of Sif Muna.
There is an escape hatch in the floor here.
Really go through this one-way escape hatch?
You slide downwards.
The hatch slams shut behind you.
Level annotation: Protee's ghost, amateur GnSk An ogre comes into view.
It is wielding a +0 giant spiked club.
Found a stone staircase leading down.
Unknown command.
You can no longer pass through a line of other dancers.
The helpless ogre fails to defend itself.
You puncture the ogre!
The ogre is poisoned.
You squeeze the ogre.
The ogre is moderately wounded.
The ogre hits you with a +0 giant spiked club!
* * * LOW HITPOINT WARNING * * *
You can now pass through a line of other dancers.
Casting: Frozen Ramparts (dangerous; 3% risk of failure)
Confirm with . or Enter, or press ? or * to list all spells.
The walls around you are covered in ice.
The wall freezes the ogre!
The ogre hits you with a +0 giant spiked club!!
You die...

..... ..
.#.# #. #.
.# #.. #.
.#..##.
.....#.###
#..>....#
#.......#
#......O#
#......@#
#.......#
#.......#
#.......#
#########


You could see an ogre (very poisoned).

Vanquished Creatures
  Blork the orc (D:3)
  A scorpion (D:4)
  2 orc priests (D:3)
  2 orc wizards
  5 adders
  An ooze (D:1)
  A worm (D:2)
  A dart slug (D:3)
  A leopard gecko (D:4)
  12 orcs
  A ball python (D:3)
  2 bats
  7 goblins
  5 hobgoblins
  3 jackals (D:4)
  2 frilled lizards
  4 kobolds
  A leopard gecko skeleton (D:4)
  3 rats
55 creatures vanquished.

Notes
Turn   | Place    | Note
-------+----------+-------------------------------------------
     0 | D:1      | Flugslaktarn the Octopode Ice Elementalist began the quest
                  | for the Orb.
     0 | D:1      | Reached XP level 1. HP: 11/11 MP: 3/3
   155 | D:1      | Reached XP level 2. HP: 16/17 MP: 5/5
   402 | D:2      | Reached XP level 3. HP: 20/21 MP: 6/6
   402 | D:2      | Noticed Robin
   433 | D:2      | Learned a level 3 spell: Frozen Ramparts
   538 | D:3      | Reached XP level 4. HP: 9/27 MP: 1/8
   543 | D:3      | Reached skill level 5 in Ice Magic
   592 | D:3      | Noticed Blork the orc
   702 | D:2      | Noticed a +0 dagger
   702 | D:2      | Noticed a +0 dagger
   704 | D:2      | Found a hide-covered altar of Uskayaw.
   719 | D:2      | Became a worshipper of Uskayaw the Reveler
   774 | D:3      | Reached XP level 5. HP: 16/31 MP: 6/10
   774 | D:3      | Reached * piety under Uskayaw
   776 | D:3      | Reached ** piety under Uskayaw
   786 | D:3      | Reached *** piety under Uskayaw
   852 | D:4      | Noticed an ogre
   973 | D:4      | Noticed Protee's ghost (amateur GnSk)
   998 | D:4      | Reached XP level 6. HP: 16/36 MP: 4/12
  1110 | D:3      | Learned a level 4 spell: Summon Ice Beast
  1154 | D:3      | Killed Blork the orc
  1154 | D:3      | Reached skill level 6 in Ice Magic
  1156 | D:3      | Found a shimmering blue altar of Sif Muna.
  1164 | D:4      | Slain by an ogre

Illustrated notes

Levels and vault maps discovered:
D:1:      dpeg_arrival_tiny_g, layout_basic
D:2:      layout_basic, dancing_weapons_uskayaw, uniq_robin
D:3:      layout_rooms, tgw_sif
D:4:      layout_basic, first_ration, hellmonk_ghost_happy_afterlife,
          uniq_blork_the_orc

Skill      XL: |  1  2  3  4  5  6 |
---------------+-------------------+-----
Spellcasting   | 3 4 |  4.3
Ice Magic      | 5 6 |  6.0
Fighting       | |  0.5
Dodging        | |  2.1
Stealth        | |  2.6
Summonings     | |  0.5

Action                   |  1- 3 |  4- 6 || total
-------------------------+-------+-------++-------
Melee: Dagger            |    40 |    25 ||    65
       Constrict         |    15 |    12 ||    27
       Unarmed           |     2 |       ||     2
       Tentacles         |     5 |    12 ||    17
       Long sword        |       |     6 ||     6
       Whip              |       |    16 ||    16
 Cast: Freeze            |     8 |     8 ||    16
       Frozen Ramparts   |     2 |     7 ||     9
  Use: Potion            |     1 |     1 ||     2
 Stab: Sleeping          |     4 |     2 ||     6
       Paralysed         |       |     1 ||     1
  Eat: Chunk             |       |     1 ||     1
Armor: Skin              |     3 |     1 ||     4
Dodge: Dodged            |    29 |    28 ||    57
       Rpst.: Long sword |       |     1 ||     1

Table legend:
 A = Non-vault XP
 B = Vault XP
 C = Vault XP percentage of total XP
 D = Non-vault monster count
 E = Vault monster count
 F = Vault count percentage of total count
                 A         B        C        D         E       F
            +---------+---------+-------+---------+---------+-------
      Total |     378 |     101 |  21.1 |      48 |       7 |  12.7
            +---------+---------+-------+---------+---------+-------
        D:1 |      13 |       0 |   0.0 |       5 |       0 |   0.0
        D:2 |      41 |      11 |  21.2 |       8 |       6 |  42.9
        D:3 |     186 |      90 |  32.6 |      23 |       1 |   4.2
        D:4 |     138 |       0 |   0.0 |      12 |       0 |   0.0
            +---------+---------+-------+---------+---------+-------
